 Dungeon Crawl Stone Soup version 0.31.0-12-g77e489cdc1 (webtiles) character file.

Game seed: 17287468631107115922

406984 Gabide the Cryomancer (level 21, -22/182 HPs)
             Began as a Demigod Ice Elementalist on Feb 18, 2024.
             Killed from afar by an ancient lich (43 damage)
             ... with a crystal spear
             ... on level 5 of the Vaults on Feb 28, 2024.
             The game lasted 05:23:37 (71292 turns).

Gabide the Cryomancer (Demigod Ice Elementalist)   Turns: 71292, Time: 05:23:38

Health: -22/182    AC: 31    Str: 12    XL:     21   Next: 44%
Magic:  25/36      EV: 21    Int: 58    God:
Gold:   2581       SH:  0    Dex: 23    Spells: 5/48 levels left

rFire   + . .        u - staff of the Hurting Seeker {rPois rF+ Str+3 Ice Alchemy}
rCold   + + +        D - orb "Hazant" {light, rF+ rN+ MP-9 Int+6}
rNeg    + + .        U - +6 ring mail of Netalah {rElec Regen+ Dex-2}
rPois   +            n - +1 helmet of Sloth {rC++ Int+2}
rElec   +            M - +2 cloak {Will+}
rCorr   +            P - +2 pair of gloves {Dex+3}
SInv    .            x - +1 pair of boots of Syndicalism {Int+3}
Will    +++..        w - amulet of the acrobat
Stlth   +            e - ring "Allageqied" {Ice rCorr Int+2 Dex+2 Slay+3}
HPRegen 1.30/turn    y - ring "Irosik" {rPois rN+ rCorr Dex+6}
MPRegen 0.25/turn

%: acrobat
@: ice-armoured, in a vortex, flying (expiring), glowing
A: high MP 1, forlorn, divine attributes
}: 2/15 runes: barnacled, gossamer
a: no special abilities


You were on level 5 of the Vaults.
You visited 7 branches of the dungeon, and saw 36 of its levels.
You also visited: Gauntlet and Ice Cave.

You collected 4362 gold pieces.
You spent 1781 gold pieces at shops.

Inventory:

Armour
 n - the +1 helmet of Sloth (worn) {rC++ Int+2}
   (You found it in a Gauntlet)

   Int+2:     It affects your intelligence (+2).
   rC++:      It greatly protects you from cold.
 q - a scarf of repulsion
 x - the +1 pair of boots of Syndicalism (worn) {Int+3}
   (You found it on level 2 of the Spider Nest)

   Int+3:     It affects your intelligence (+3).
 A - the +11 chain mail of the Volcano {rElec rF++ Regen+}
   (You found it on level 1 of the Spider Nest)

   rF++:      It greatly protects you from fire.
   rElec:     It insulates you from electricity.
   Regen+:    It increases your rate of health regeneration.
 D - the orb "Hazant" (worn) {light, rF+ rN+ MP-9 Int+6}
   (You took it off Frederick on level 2 of the Vaults)

   Int+6:     It affects your intelligence (+6).
   rF+:       It protects you from fire.
   rN+:       It protects you from negative energy.
   MP-9:      It affects your magic capacity (-9).
 I - +0 steam dragon scales
 L - a scarf of shadows
 M - a +2 cloak of willpower (worn)
 O - the +1 ring mail of the Trombone {rPois rC+ Int+5 Stlth-}
   (You found it on level 13 of the Dungeon)

   Int+5:     It affects your intelligence (+5).
   rC+:       It protects you from cold.
   rPois:     It protects you from poison Stlth-: It makes you less stealthy.
 P - a +2 pair of gloves of dexterity (worn)
 U - the +6 ring mail of Netalah (worn) {rElec Regen+ Dex-2}
   (You found it on level 5 of the Lair of Beasts)

   Dex-2:     It affects your dexterity (-2).
   rElec:     It insulates you from electricity.
   Regen+:    It increases your rate of health regeneration.
 V - the +8 orange crystal plate armour {Archmagi, Int+3 Clar}
   (You found it in a Gauntlet)

   Int+3:     It affects your intelligence (+3).
   Clar:      It protects you from confusion, rage, mesmerisation and fear.
 Y - a +2 buckler
 Z - a +2 robe of resistance
Magical Staves
 u - the staff of the Hurting Seeker (weapon) {rPois rF+ Str+3 Ice Alchemy}
   (You found it in a Gauntlet)

   [staff of alchemy]

   Base accuracy: +5 Base damage: 5 Base attack delay: 1.2 This weapon's minimum
   attack delay (0.6) is reached at skill level 12.
   Str+3:     It affects your strength (+3).
   rF+:       It protects you from fire.
   rPois:     It protects you from poison Ice: It increases the power of your
   Ice spells.
   Alchemy:   It increases the power of your Alchemy spells.
   It falls into the 'Staves' category.
   It is a one-handed weapon.
Jewellery
 d - a ring of ice
 e - the ring "Allageqied" (left hand) {Ice rCorr Int+2 Dex+2 Slay+3}
   (You acquired it in a Gauntlet)

   [ring of ice]

   Ice:       It enhances your ice magic.
   Int+2:     It affects your intelligence (+2).
   Dex+2:     It affects your dexterity (+2).
   Slay+3:    It affects your accuracy & damage with ranged weapons and melee
   (+3).
   rF-:       It makes you vulnerable to fire.
   rC+:       It protects you from cold.
   rCorr:     It protects you from acid and corrosion.
 i - the ring of the Tortoise {AC+8}
   (You found it in a Gauntlet)

   [ring of protection]

   AC+8:      It affects your AC (+8).
 v - an amulet of magic regeneration
 w - an amulet of the acrobat (around neck)
 y - the ring "Irosik" (right hand) {rPois rN+ rCorr Dex+6}
   (You found it on level 4 of the Dungeon)

   [ring of dexterity]

   Dex+6:     It affects your dexterity (+6).
   rPois:     It protects you from poison rN+: It protects you from negative
   energy.
   rCorr:     It protects you from acid and corrosion.
 B - a ring of protection from fire
 C - a ring of wizardry
 R - an amulet of regeneration
 T - a ring of willpower
 X - the ring of Zuadof {rElec Dex+3 SInv}
   (You found it on level 5 of the Lair of Beasts)

   [ring of see invisible]

   Dex+3:     It affects your dexterity (+3).
   rElec:     It insulates you from electricity.
   SInv:      It lets you see invisible.
Wands
 K - a wand of digging (1)
Scrolls
 a - a scroll of butterflies
 f - 17 scrolls of teleportation
 g - 2 scrolls of fear
 o - 14 scrolls of identify
 p - 5 scrolls of fog
 H - 3 scrolls of blinking
 J - a scroll of revelation
 Q - 4 scrolls of silence
 S - 4 scrolls of immolation
Potions
 b - 3 potions of brilliance
 c - a potion of heal wounds
 j - 2 potions of haste
 k - 4 potions of resistance
 l - 4 potions of cancellation
 m - 7 potions of ambrosia
 r - 6 potions of might
 s - 6 potions of attraction
 t - 9 potions of curing
 z - 2 potions of invisibility
 E - 6 potions of lignification
 F - 2 potions of enlightenment
 N - 7 potions of mutation
 W - a potion of magic
Miscellaneous
 h - a phantom mirror
 G - a phial of floods


   Skills:
 + Level 14.7 Fighting
 - Level 3.0 Armour
 + Level 14.7 Dodging
 - Level 3.0 Stealth
 - Level 3.0 Shields
 + Level 14.3 Spellcasting
 * Level 26.3 Ice Magic


You had 5 spell levels left.
You knew the following spells:

 Your Spells              Type           Power      Damage    Failure   Level
a - Freeze                Ice            100%       1d10      0%          1
b - Frozen Ramparts       Ice            100%       1d16      0%          3
c - Ozocubu's Armour      Ice            100%       N/A       0%          3
d - Ozocubu's Refrigerat  Ice            100%       4d29      0%          7
e - Summon Ice Beast      Ice/Summ       100%       N/A       0%          3
f - Metabolic Englaciati  Hex/Ice        82%        N/A       1%          5
g - Sublimation of Blood  Necr           41%        N/A       1%          2
h - Polar Vortex          Ice            100%       12d13*    1%          9
i - Sculpt Simulacrum     Ice/Alch       95%        N/A       1%          6
j - Mercury Vapours       Alch/Air       100%       N/A       1%          2
k - Blink                 Tloc           82%        N/A       1%          2

Your spell library contained the following spells:

 Spells                   Type           Power      Damage    Failure   Level
 Hailstorm                Conj/Ice       100%       3d16      0%          3
 Apportation              Tloc           82%        N/A       1%          1
 Magic Dart               Conj           100%       1d8       1%          1
 Necrotise                Necr           100%       1d9       1%          1
 Sting                    Conj/Alch      100%       1d9       1%          1
 Summon Small Mammal      Summ           100%       N/A       1%          1
 Call Imp                 Summ           82%        N/A       1%          2
 Cigotuvi's Dreadful Rot  Necr/Alch/Air  100%       N/A       1%          2
 Scorch                   Fire           82%        2d8       1%          2
 Searing Ray              Conj           82%        2d7       1%          2
 Static Discharge         Conj/Air       82%        3-7/arc   1%          2
 Freezing Cloud           Conj/Ice/Air   72%        6-21      1%          5
 Call Canine Familiar     Summ           41%        N/A       2%          3
 Inner Flame              Hex/Fire       41%        N/A       2%          3
 Mephitic Cloud           Conj/Alch/Air  58%        N/A       2%          3
 Stone Arrow              Conj/Erth      82%        3d12      2%          3
 Vampiric Draining        Necr           41%        2d8       2%          3
 Animate Armour           Summ/Erth      82%        N/A       7%          4
 Flame Wave               Conj/Fire      41%        2d11      7%          4
 Fulminant Prism          Conj/Alch      29%        3d14      7%          4
 Ignite Poison            Fire/Alch      58%        N/A       7%          4
 Leda's Liquefaction      Alch/Erth      29%        N/A       7%          4
 Martyr's Knell           Necr/Summ      41%        N/A       7%          4
 Passage of Golubria      Tloc           41%        N/A       7%          4
 Petrify                  Alch/Erth      58%        N/A       7%          4
 Summon Blazeheart Golem  Fire/Summ      41%        N/A       7%          4
 Curse of Agony           Necr           41%        N/A       21%         5
 Irradiate                Conj/Alch      29%        3d21      21%         5
 Lee's Rapid Deconstruct  Erth           20%        3d12*     21%         5
 Silence                  Hex/Air        20%        N/A       21%         5
 Bombard                  Conj/Erth      20%        9d4       73%         6
 Conjure Ball Lightning   Conj/Air       20%        3x3d6     73%         6
 Summon Cactus Giant      Summ           20%        N/A       73%         6
 Malign Gateway           Summ/Tloc      20%        N/A       99%         7
 Monstrous Menagerie      Summ           20%        N/A       99%         7
 Summon Hydra             Summ           20%        N/A       99%         7
 Discord                  Hex            20%        N/A       100%        8
 Disjunction              Tloc           20%        N/A       100%        8
 Ignition                 Fire           20%        3d7       100%        8
 Lehudib's Crystal Spear  Conj/Erth      20%        10d6      100%        8
 Chain Lightning          Conj/Air       20%        3d27      100%        9
 Dragon's Call            Summ           20%        N/A       100%        9
 Fire Storm               Conj/Fire      20%        8d5       100%        9
 Shatter                  Erth           20%        3d18*     100%        9


Dungeon Overview and Level Annotations

Branches:
Dungeon (15/15)            Temple (1/1) D:6            Lair (5/5) D:8
 Shoals (4/4) Lair:2       Spider (4/4) Lair:2        Slime (0/5) Lair:5
    Orc (2/2) D:9             Elf (0/3) Orc:2        Vaults (5/5) D:13
  Crypt (0/3) Vaults:3     Depths (0/4) D:15          IceCv (visited)
Gauntlet (visited)

Shops:
D:4 *   Orc:2 *!(*?[[!(   Vaults:1 :   Vaults:4 *

Portals:
Trove: D:12 (give +8 demon whip)

Annotations:
D:8 exclusion: downstairs


Innate Abilities, Weirdness & Mutations

You have an increased reservoir of magic. (+10% MP)
You shall have no god before yourself.
Your divine heritage dramatically boosts your attributes as you level up.


Message History

The floor.
Unknown command.
You feel a strong surge of power!
A great freezing vortex appears and lifts you up.
You hear a shout!
The orc knight barely misses you.
The yaktaur shoots a bolt.
The bolt barely misses you.
The yaktaur shoots a bolt.
The bolt hits you but does no damage.
The yaktaur captain shoots a bolt.
The bolt hits you!! The bolt burns you.
Casting: Polar Vortex (dangerous; 1% risk of failure)
Confirm with . or Enter, or press ? or * to list all spells.
You feel a strong surge of power! A film of ice covers your body!
You kill the orc knight!
The yaktaur captain shoots a bolt.
The bolt hits you!
An ironbound preserver comes into view.
It is wielding the +8 whip "Snakebite" {venom, curare, rPois}.
An ironbound preserver comes into view. It is wielding a +0 morningstar.
The yaktaur captain shoots a bolt.
The bolt hits you but does no damage.
The yaktaur shoots a bolt.
The bolt completely misses you.
The yaktaur shoots a bolt.
The bolt hits you but does no damage.
You destroy the flayed ghost!
You kill the orc warrior!
The stone giant throws a large rock.
The large rock misses you.
The large rock closely misses the ancient lich.
An orc comes into view. It is wielding a +0 dagger.
The ancient lich points at you and mumbles some strange words.
The crystal spear hits you!!!
The ironbound preserver mumbles some strange words.
The ironbound preserver begins to accept its allies' injuries.
The yaktaur captain shoots a bolt.
The bolt hits you!!
* * * LOW HITPOINT WARNING * * *
The yaktaur shoots a bolt.
The bolt barely misses you.
The yaktaur captain shoots a bolt.
The bolt hits you!
* * * LOW HITPOINT WARNING * * *
The heat melts your icy armour.
You kill the stone giant!
The orc shouts!
You kill the orc!
You hear two shouts!
You hear a shout!
You hear a deafening roar!
The ancient lich points at you and mumbles some strange words.
The crystal spear hits you!!!
You die...

#..#....# .#
##..#.c..#..#
§§p#§§§§#pp.
§§§§§§§§§c☼
#####p§§§§§§§##
..§§§§§§§§§§§..
..§§§§§§§§§§§..
.c§§§§§@§§L§§..
..c§§§§§§§§§§..
#####§§§§§§§§##
§§§§§§§§§§..
§§§§#§§§§#§##
..§§§§#§§§§# #
......#....#
.$....#....# '


You could see 2 ironbound preservers, an ancient lich, 2 yaktaur captains, a
vault guard (sheltered), a hell knight (sheltered) and 2 yaktaurs.

Vanquished Creatures
  Frederick (Vaults:2)
  Sojobo (Vaults:3)
  The ghost of crisisinutopia the Impregnable, an adept MiFi of Okawaru (Vaults:2)
  2 titans (Vaults:5)
  A kraken (Shoals:1)
  An ancient champion (Vaults:3)
  Frances (Shoals:1)
  4 sphinxes
  4 tengu reavers
  The ghost of Anuqaetage the Severer, an adept HOFi of Beogh (Spider:2)
  3 shadow dragons (Vaults:5)
  The ghost of Colgate the Peltast, an adept DsHu of Wu Jian (Spider:3)
  A revenant (Vaults:3)
  An iron dragon (Vaults:2)
  A frost giant (Vaults:5)
  3 fire giants
  2 emperor scorpions (Spider:4)
  21 vault wardens
  A deep elf sorcerer (Vaults:5)
  Louise (Spider:2)
  18 ironbound preservers
  2 ghost moths
  3 formless jellyfish
  2 very ugly things
  7 ironbound thunderhulks
  4 stone giants (Vaults:5)
  3 deep elf death magi
  16 dire elephants
  3 minotaurs
  2 spark wasps (Spider:4)
  A crystal guardian (Vaults:4)
  Josephine (D:15)
  6 ettins
  4 merfolk impalers
  11 yaktaur captains
  2 merfolk javelineers
  4 entropy weavers
  9 great orbs of eyes
  4 ogre magi (Orc:2)
  2 peacekeepers (Vaults:4)
  A radroach (Spider:2)
  2 jorogumos
  2 hydras (D:13)
  42 vault guards
  6 merfolk avatars
  4 merfolk aquamancers
  5 ironbound frosthearts
  18 centaur warriors
  18 two-headed ogres
  8 satyrs
  4 boulder beetles
  A death scarab (Spider:3)
  A spectral emperor scorpion (Spider:3)
  2 tengu warriors (D:15)
  3 death yaks (Shoals:2)
  2 demonic crawlers (Spider:1)
  2 deep troll earth magi (Vaults:2)
  A hell knight (Vaults:5)
  An orc high priest (Orc:2)
  Nergalle (Lair:2)
  2 shadow wraiths
  A spectral ghost moth (Spider:3)
  4 skysharks
  A flayed ghost (Vaults:5)
  12 sea snakes
  A pharaoh ant (Spider:3)
  31 deep trolls
  5 orb spiders
  6 arcanists
  2 phantasmal warriors
  2 steelbarb worms
  A glowing orange brain (Vaults:4)
  13 lindwurms
  A spectral wolf spider (Spider:3)
  22 ironbound convokers
  Pikel (D:5)
  16 harpies
  2 orc knights (Vaults:5)
  7 wolf spiders
  10 fauns
  An obsidian statue (Vaults:2)
  15 ugly things
  3 necromancers
  2 deep elf pyromancers
  An orc sorcerer (Orc:2)
  3 moths of wrath
  8 elephants
  9 cyclopes
  12 manticores
  6 meliai
  22 vault sentinels
  5 black mambas
  2 kobold blastminers (Orc:1)
  5 merfolk sirens
  A gargoyle (D:12)
  3 water nymphs
  3 torpor snails
  An emperor scorpion simulacrum (Spider:3)
  A yaktaur zombie (Vaults:4)
  Maggie (Lair:2)
  2 freezing wraiths
  2 unseen horrors
  2 kobold demonologists
  9 cane toads
  36 yaktaurs
  3 tengu conjurers
  2 efreet (D:13)
  A rime drake (Lair:2)
  A komodo dragon (Lair:2)
  27 merfolk
  5 trolls
  5 polar bears
  Grinder (D:3)
  2 wind drakes (Shoals:4)
  A wolf spider simulacrum (Spider:3)
  8 tarantellas
  20 hornets
  16 blink frogs
  3 dream sheep (Shoals:1)
  43 slime creatures
  3 snapping turtles
  Sigmund (D:3)
  A stone giant simulacrum (Vaults:4)
  11 jumping spiders
  12 culicivoras
  2 centaur simulacra
  2 wyverns
  2 shadows
  42 yaks
  A vampire (D:10)
  12 spriggans (Lair:5)
  14 water elementals
  A fire bat (D:3)
  A warg (Orc:1)
  3 wraiths
  3 death yak simulacra (IceCv)
  44 redbacks
  4 basilisks
  12 vampire mosquitoes
  4 steam dragons
  An ogre zombie (Vaults:4)
  Edmund (D:6)
  An acid dragon (D:10)
  2 spectral entropy weavers (Spider:3)
  7 water moccasins
  17 orc warriors
  2 sky beasts
  3 ice beasts
  3 black bears
  19 ogres
  8 boggarts
  3 laughing skulls
  8 centaurs
  13 wolves
  3 lemures (D:5)
  A phantom (D:5)
  2 bullfrogs
  2 kobold brigands (D:10)
  A gnoll sergeant (D:9)
  A cane toad simulacrum (IceCv)
  A scorpion (D:4)
  A glowing shapeshifter simulacrum (Vaults:4)
  An ogre simulacrum (Vaults:4)
  18 wights
  2 elephant simulacra (IceCv)
  9 killer bees
  5 howler monkeys
  A bombardier beetle (D:5)
  A wyvern simulacrum (D:8)
  2 hounds (D:5)
  Crazy Yiuf (D:7)
  2 jellies (D:6)
  13 orc priests
  3 sleepcaps (D:6)
  2 gnoll boudas
  2 iguanas
  Natasha (D:4)
  13 orc wizards
  Ijyb (D:3)
  23 gnolls
  6 adders
  2 shadow imps
  3 white imps
  6 ufetubi
  4 ribbon worms (D:10)
  4 dart slugs
  52 orcs
  7 ball pythons
  11 bats
  4 endoplasms
  4 giant cockroaches
  14 goblins
  6 hobgoblins
  2 jackals (D:3)
  2 quokkas
  4 frilled lizards
  17 kobolds
  5 rats
  2 tentacles (Shoals:1)
1243 creatures vanquished.

Vanquished Creatures (collateral kills)
  Nikola (Spider:1)
  Mlioglotl (Shoals:1)
  A sphinx (Shoals:4)
  Polyphemus (Shoals:2)
  Agnes (Spider:1)
  2 ghost moths
  An emperor scorpion (Spider:4)
  3 broodmothers
  2 spark wasps (Spider:4)
  A merfolk javelineer (Shoals:3)
  2 entropy weavers
  2 hydras (Lair:4)
  A catoblepas (Shoals:2)
  2 radroaches
  9 two-headed ogres
  An ogre mage (D:15)
  10 boulder beetles
  2 centaur warriors (D:15)
  A merfolk aquamancer (Shoals:2)
  A tengu warrior (D:15)
  6 demonic crawlers
  2 skysharks
  2 orb spiders
  2 sea snakes
  A sun moth (Spider:2)
  7 steelbarb worms
  An orc knight (Orc:1)
  2 ugly things (D:15)
  An orc sorcerer (Orc:1)
  12 wolf spiders
  A cyclops (Shoals:2)
  5 fauns
  3 manticores
  5 meliai (Spider:4)
  A merfolk siren (Shoals:4)
  5 elephants
  2 black mambas
  A water nymph (Shoals:1)
  4 rime drakes
  3 cane toads
  2 kobold demonologists (D:11)
  Jeremiah (D:7)
  4 komodo dragons
  2 wind drakes
  2 trolls
  2 polar bears
  A blink frog (Lair:2)
  5 merfolk
  14 tarantellas
  A dream sheep (Lair:5)
  4 hornets
  3 snapping turtles
  7 slime creatures
  10 jumping spiders
  2 spriggans (Lair:5)
  11 culicivoras
  A wyvern (Lair:3)
  3 basilisks
  2 water elementals
  5 yaks
  23 redbacks
  A steam dragon (D:9)
  A warg (Orc:2)
  9 water moccasins
  An orc warrior (D:10)
  A sky beast (D:7)
  2 ice beasts
  8 black bears
  13 wolves
  3 boggarts (Lair:5)
  10 ogres
  A centaur (D:7)
  6 bullfrogs
  3 electric eels
  A jelly (D:7)
  6 orc priests
  4 orc wizards
  3 gnolls (D:7)
  A shadow imp (D:7)
  A white imp (D:8)
  An ufetubus (D:8)
  14 orcs
306 creatures vanquished.

Vanquished Creatures (others)
  A spark wasp (Spider:2)
  A vault guard (Vaults:5)
  An ironbound frostheart (Vaults:1)
  4 tentacles (Shoals:1)
7 creatures vanquished.

Grand Total: 1556 creatures vanquished

Notes
Turn   | Place    | Note
-------+----------+-------------------------------------------
     0 | D:1      | Gabide the Demigod Ice Elementalist began the quest for the
                  | Orb.
     0 | D:1      | Reached XP level 1. HP: 14/14 MP: 5/5
   274 | D:1      | Reached XP level 2. HP: 17/22 MP: 2/7
  1128 | D:2      | Reached XP level 3. HP: 27/27 MP: 6/8
  1175 | D:2      | Reached skill level 1 in Fighting
  1211 | D:2      | Reached skill level 4 in Ice Magic
  1306 | D:2      | Reached XP level 4. HP: 23/35 MP: 3/10
  1976 | D:2      | Learned a level 3 spell: Frozen Ramparts
  1980 | D:2      | Learned a level 3 spell: Ozocubu's Armour
  2126 | D:3      | Noticed Sigmund
  2140 | D:3      | Killed Sigmund
  2141 | D:3      | Reached XP level 5. HP: 41/41 MP: 4/11
  2303 | D:3      | Noticed Pargi
  2304 | D:3      | Pargi changed into Pargi the fire bat
  2304 | D:3      | Noticed Pargi
  2319 | D:3      | Killed Pargi the fire bat
  2320 | D:3      | Reached skill level 5 in Ice Magic
  2320 | D:3      | Reached XP level 6. HP: 35/49 MP: 1/13
  2504 | D:3      | Noticed Grinder
  2639 | D:3      | Noticed Ijyb
  2652 | D:3      | Killed Ijyb
  2990 | D:3      | Paralysed by Grinder for 3 turns
  2995 | D:3      | Killed Grinder
  2996 | D:3      | Reached skill level 6 in Ice Magic
  2996 | D:3      | Reached XP level 7. HP: 57/57 MP: 10/14
  3492 | D:4      | Learned a level 3 spell: Hailstorm
  3515 | D:4      | Found Omabal's Assorted Antiques.
  3776 | D:4      | Noticed Natasha
  3783 | D:4      | Killed Natasha
  3831 | D:4      | Identified the ring "Irosik" {rPois rN+ rCorr Dex+6}
  4288 | D:5      | Entered Level 5 of the Dungeon
  4782 | D:5      | Noticed Pikel
  4818 | D:5      | Killed Pikel
  4819 | D:5      | Reached skill level 7 in Ice Magic
  4819 | D:5      | Reached XP level 8. HP: 11/66 MP: 3/17
  5507 | D:6      | Found a staircase to the Ecumenical Temple.
  5579 | Temple   | Entered the Ecumenical Temple
  5659 | D:6      | Noticed Edmund
  5664 | D:6      | Killed Edmund
  5671 | D:6      | Reached skill level 8 in Ice Magic
  5886 | D:6      | Reached XP level 9. HP: 58/73 MP: 12/19
  6000 | D:6      | Reached skill level 5 in Dodging
  6102 | D:6      | Reached skill level 5 in Fighting
  6706 | D:7      | Reached skill level 5 in Spellcasting
  6893 | D:7      | Found a runed translucent door.
  6894 | D:7      | Noticed Crazy Yiuf
  6959 | D:7      | Learned a level 3 spell: Summon Ice Beast
  7068 | D:7      | Reached skill level 9 in Ice Magic
  7444 | D:7      | Noticed Jeremiah
  7448 | D:7      | Killed Jeremiah
  7902 | D:7      | Killed Crazy Yiuf
  8017 | D:8      | Found a staircase to the Lair.
  8088 | D:8      | Reached XP level 10. HP: 35/83 MP: 13/22
  8391 | D:8      | Reached skill level 10 in Ice Magic
  8669 | D:8      | Reached skill level 11 in Ice Magic
  9197 | D:9      | Noticed a centaur warrior
  9474 | Lair:1   | Entered Level 1 of the Lair of Beasts
  9778 | Lair:1   | Reached skill level 12 in Ice Magic
 11065 | Lair:2   | Noticed Maggie
 11082 | Lair:2   | Reached XP level 11. HP: 89/89 MP: 9/24
 11084 | Lair:2   | Killed Maggie
 11367 | Lair:2   | Reached skill level 13 in Ice Magic
 11438 | Lair:2   | Noticed a skyshark
 11471 | Lair:2   | Killed a skyshark
 11527 | Lair:2   | Noticed Nergalle
 11540 | Lair:2   | Killed Nergalle
 12069 | Lair:2   | Found a staircase to the Shoals.
 12114 | Lair:2   | Reached XP level 12. HP: 71/100 MP: 10/27
 12279 | Lair:2   | You fall into a shaft and drop 1 floor!
 12355 | Lair:3   | Found a frozen archway.
 12361 | IceCv    | Entered an ice cave
 13211 | Lair:2   | Learned a level 5 spell: Metabolic Englaciation
 13214 | Lair:2   | Found a hole to the Spider Nest.
 13766 | Lair:3   | Reached skill level 14 in Ice Magic
 13808 | Lair:3   | Noticed a boulder beetle
 13848 | Lair:3   | Killed a boulder beetle
 15098 | Lair:4   | Identified a scroll of acquirement
 15098 | Lair:4   | Acquired an amulet of regeneration
 15111 | Lair:5   | Entered Level 5 of the Lair of Beasts
 15934 | Lair:5   | Found a staircase to the Slime Pits.
 15951 | Lair:5   | Noticed a six-headed hydra
 15956 | Lair:5   | Noticed a boulder beetle
 15973 | Lair:4   | Killed a six-headed hydra
 16360 | Lair:5   | Noticed a five-headed hydra
 16396 | Lair:4   | Killed a five-headed hydra
 16533 | Lair:5   | Reached XP level 13. HP: 72/110 MP: 1/30
 17003 | Lair:5   | Identified the +6 ring mail of Netalah {rElec Regen+ Dex-2}
 17189 | Lair:5   | Reached skill level 1 in Armour
 17189 | Lair:5   | Reached skill level 15 in Ice Magic
 18653 | Lair:5   | Identified the ring of Zuadof {rElec Dex+3 SInv}
 18746 | Lair:5   | Learned a level 2 spell: Sublimation of Blood
 19496 | D:9      | Found a staircase to the Orcish Mines.
 20138 | D:10     | Entered Level 10 of the Dungeon
 20656 | D:10     | Reached skill level 1 in Shields
 22274 | D:11     | Found a gate leading to a gauntlet.
 22283 | Gauntlet | Entered a Gauntlet
 22283 | Gauntlet | Found a transporter.
 22292 | Gauntlet | Found a transporter.
 22305 | Gauntlet | Found a transporter.
 22308 | Gauntlet | Found a transporter.
 22310 | Gauntlet | Found a large runed translucent door.
 22310 | Gauntlet | Found a large runed translucent door.
 22311 | Gauntlet | Found a large runed translucent door.
 22312 | Gauntlet | Found a large runed translucent door.
 22312 | Gauntlet | Found a large runed translucent door.
 22312 | Gauntlet | Found a runed translucent door.
 22313 | Gauntlet | Found a large runed translucent door.
 22314 | Gauntlet | Found a large runed translucent door.
 22315 | Gauntlet | Found a large runed translucent door.
 22315 | Gauntlet | Found a large runed translucent door.
 22316 | Gauntlet | Found a runed translucent gate.
 22324 | Gauntlet | Found a transporter.
 22324 | Gauntlet | Found a runed translucent gate.
 22325 | Gauntlet | Found a runed translucent gate.
 22325 | Gauntlet | Found a runed translucent door.
 22327 | Gauntlet | Found a large runed translucent door.
 22327 | Gauntlet | Found a large runed translucent door.
 22328 | Gauntlet | Found a large runed translucent door.
 22329 | Gauntlet | Found a large runed translucent door.
 22338 | Gauntlet | Found a transporter.
 22340 | Gauntlet | Found the ring of the Tortoise {AC+8}
 22351 | Gauntlet | Found a transporter.
 22371 | Gauntlet | Found a transporter.
 22375 | Gauntlet | Found a transporter.
 22385 | Gauntlet | Found a transporter.
 22410 | Gauntlet | Found a runed translucent door.
 22411 | Gauntlet | Found a transporter.
 22411 | Gauntlet | Found a transporter.
 22440 | Gauntlet | Found a large runed translucent door.
 22441 | Gauntlet | Found a large runed translucent door.
 22441 | Gauntlet | Found a large runed translucent door.
 22919 | Gauntlet | Acquired the ring "Allageqied" {Ice rCorr Int+2 Dex+2
                  | Slay+3}
 22924 | Gauntlet | Identified the +1 helmet of Sloth {rC++ Int+2}
 23161 | Gauntlet | Identified the staff of the Hurting Seeker {rPois rF+ Str+3
                  | Ice Alchemy}
 23189 | Gauntlet | Found a runed translucent door.
 23252 | Gauntlet | Learned a level 5 spell: Freezing Cloud
 23639 | Gauntlet | Noticed a minotaur
 23649 | Gauntlet | Killed a minotaur
 23762 | Gauntlet | Found the +8 orange crystal plate armour {Archmagi, Int+3
                  | Clar}
 24676 | D:12     | Found a portal to a secret trove of treasure.
 25227 | D:12     | Reached XP level 14. HP: 112/119 MP: 27/32
 25859 | D:12     | Reached skill level 10 in Dodging
 26269 | D:10     | Reached skill level 16 in Ice Magic
 26668 | D:10     | Reached skill level 10 in Fighting
 28267 | D:13     | Noticed an ironbound preserver
 28285 | D:13     | Killed an ironbound preserver
 29525 | D:13     | Identified the +1 ring mail of the Trombone {rPois rC+
                  | Int+5 Stlth-}
 30071 | D:13     | Found a gate to the Vaults.
 30458 | D:13     | Reached skill level 10 in Spellcasting
 32660 | D:15     | Entered Level 15 of the Dungeon
 32706 | D:15     | Learned a level 6 spell: Sculpt Simulacrum
 33075 | D:15     | Noticed a fire giant
 33223 | D:15     | Found a staircase to the Depths.
 33235 | D:15     | Killed a fire giant
 33484 | D:15     | Reached skill level 17 in Ice Magic
 34236 | D:15     | Noticed Josephine
 34244 | D:15     | Killed Josephine
 34252 | D:15     | Reached XP level 15. HP: 112/129 MP: 17/34
 35492 | Orc:1    | Entered Level 1 of the Orcish Mines
 35867 | Orc:2    | Entered Level 2 of the Orcish Mines
 36134 | Orc:2    | Paralysed by something for 3 turns
 36136 | Orc:2    | Found Zyemyul's Armour Shoppe.
 36136 | Orc:2    | Found Zagil's General Store.
 36136 | Orc:2    | Found Gusunizi's Antique Armour Boutique.
 36136 | Orc:2    | Found Hyph's Magic Scroll Shoppe.
 38067 | Orc:2    | Found Irihyn's Antique Weapon Shoppe.
 38073 | Orc:2    | Found a staircase to the Elven Halls.
 38470 | Orc:2    | Found Dohicw's Weapon Shop.
 38496 | Orc:2    | Found Kowkaen's Distillery.
 38709 | Orc:2    | Bought a potion of resistance for 150 gold pieces
 38883 | Orc:2    | Found Qineheho's Distillery.
 38887 | Orc:2    | Found Lorinup's General Store.
 40591 | Shoals:1 | Entered Level 1 of the Shoals
 41068 | Shoals:1 | Reached skill level 18 in Ice Magic
 42030 | Shoals:1 | Noticed Frances
 42046 | Shoals:1 | Killed Frances
 42344 | Shoals:1 | Noticed Mlioglotl
 42361 | Shoals:1 | Killed Mlioglotl
 42745 | Shoals:1 | Noticed a kraken
 42754 | Shoals:1 | Killed a kraken
 44109 | Shoals:2 | Reached XP level 16. HP: 139/139 MP: 15/36
 44326 | Shoals:2 | Noticed Polyphemus
 44344 | Shoals:2 | Killed Polyphemus
 44536 | Shoals:2 | Identified the +5 whip "Powoj" {heavy, *Slow rCorr Int+3
                  | Dex+2}
 45528 | Shoals:3 | Reached skill level 19 in Ice Magic
 46873 | Shoals:4 | Entered Level 4 of the Shoals
 47473 | Shoals:4 | Identified the +0 leather armour of the Delicate God {rN+
                  | Int-2 Dex+3}
 47820 | Shoals:4 | Noticed a sphinx
 47832 | Shoals:4 | Killed a sphinx
 47833 | Shoals:4 | Reached skill level 20 in Ice Magic
 48266 | Shoals:4 | Noticed a sphinx
 49004 | Shoals:4 | Got a barnacled rune of Zot
 49189 | Shoals:4 | Killed a sphinx
 49237 | Shoals:4 | Got Veiduf Ynu's Anthology of Creation
 49255 | Shoals:4 | Identified the +1 hand axe of the Kissing Priest {vamp, rC+
                  | Will+ Int+2}
 49257 | Shoals:4 | Identified the +9 dagger of Rouzal {heavy, Will+ rCorr
                  | Str-5 Int+3}
 49489 | Spider:1 | Entered Level 1 of the Spider Nest
 49977 | Spider:1 | Noticed Agnes
 49990 | Spider:1 | Killed Agnes
 49991 | Spider:1 | Reached skill level 21 in Ice Magic
 49991 | Spider:1 | Reached XP level 17. HP: 127/146 MP: 20/38
 50455 | Spider:1 | Noticed Nikola
 50498 | Spider:1 | Killed Nikola
 50538 | Spider:1 | Identified the +11 chain mail of the Volcano {rElec rF++
                  | Regen+}
 50865 | Spider:2 | Noticed Anuqaetage's ghost (adept HOFi)
 50865 | Spider:2 | Found a runed translucent gate.
 50865 | Spider:2 | Found a runed translucent gate.
 52059 | Spider:2 | Identified the +8 falchion "Hagul" {freeze, Will+ Str-3
                  | Int+5 SInv}
 52718 | Spider:2 | Reached skill level 22 in Ice Magic
 53257 | Spider:2 | Found a runed translucent gate.
 53267 | Spider:2 | Noticed Louise
 53276 | Spider:2 | Killed Louise
 53593 | Spider:2 | Found a transporter.
 53597 | Spider:2 | Found a transporter.
 53931 | Spider:2 | Got the +1 pair of boots of Syndicalism {Int+3}
 54086 | Spider:3 | Found a transporter.
 55183 | Spider:3 | Found a transporter.
 55187 | Spider:3 | Noticed Colgate's ghost (adept DsHu)
 55688 | Spider:3 | Learned a level 2 spell: Mercury Vapours
 55692 | Spider:3 | Learned a level 3 spell: Vampiric Draining
 56030 | Spider:3 | Learned a level 3 spell: Call Canine Familiar
 56031 | Spider:4 | Entered Level 4 of the Spider Nest
 56986 | Spider:4 | Reached skill level 23 in Ice Magic
 59643 | Orc:2    | Bought a scroll of amnesia for 60 gold pieces
 59672 | Orc:2    | Bought a scroll of amnesia for 68 gold pieces
 59682 | Orc:2    | Learned a level 7 spell: Ozocubu's Refrigeration
 59823 | D:4      | Bought a scroll of amnesia for 132 gold pieces
 59823 | D:4      | Bought a scroll of teleportation for 99 gold pieces
 59990 | Spider:2 | Killed Anuqaetage's ghost
 59991 | Spider:2 | Reached XP level 18. HP: 154/154 MP: 11/39
 60309 | Spider:4 | Got the Compendium of Damaging Formation
 60486 | Spider:4 | Reached XP level 19. HP: 160/160 MP: 40/40
 60499 | Spider:4 | Got a gossamer rune of Zot
 60677 | Spider:3 | Learned a level 9 spell: Polar Vortex
 60681 | Spider:3 | Reached skill level 24 in Ice Magic
 60690 | Spider:3 | Killed Colgate's ghost
 61157 | Vaults:1 | Entered Level 1 of the Vaults
 61725 | Vaults:1 | Found Omagoeg's Book Emporium.
 63384 | Vaults:2 | Found a transporter.
 63386 | Vaults:2 | Noticed crisisinutopia's ghost (adept MiFi)
 63388 | Vaults:2 | Found a transporter.
 63476 | Vaults:2 | Identified the +11 short sword "Idwece" {drain, rCorr Str+5
                  | Int-2 Dex+2}
 63565 | Vaults:2 | Identified the orb "Hazant" {light, rF+ rN+ MP-9 Int+6}
 63565 | Vaults:2 | Noticed Frederick
 63585 | Vaults:2 | Killed Frederick
 64007 | Vaults:2 | Reached XP level 20. HP: 61/171 MP: 11/42
 64355 | Vaults:2 | Found a transporter.
 64364 | Vaults:2 | Found a transporter.
 64422 | Vaults:2 | Identified the +5 quarterstaff "Losaatox" {flame, Will+
                  | Str+3}
 64520 | Vaults:2 | Reached skill level 25 in Ice Magic
 65222 | Vaults:3 | Noticed Sojobo
 65230 | Vaults:3 | Killed Sojobo
 65739 | Vaults:3 | Found a staircase to the Crypt.
 66576 | Vaults:3 | Paralysed by a sphinx for 3 turns
 67225 | Vaults:4 | Found Gitugh's General Store.
 67231 | Vaults:4 | Bought a book of the Moon for 840 gold pieces
 67999 | Vaults:4 | Learned a level 2 spell: Blink
 68612 | Vaults:1 | Bought a book of Armaments for 432 gold pieces
 69029 | Vaults:2 | Killed crisisinutopia's ghost
 69111 | Vaults:2 | Identified the +0 cloak of Dugg {Rampage rPois Int-2}
 69392 | Vaults:2 | Identified the +3 dire flail "Qiromimedgh" {drain, ^Fragile
                  | rC++ rCorr Str-5}
 70287 | Vaults:4 | Reached XP level 21. HP: 181/181 MP: 25/44
 70634 | Vaults:5 | Entered Level 5 of the Vaults
 70638 | Vaults:5 | Reached skill level 26 in Ice Magic
 71193 | Vaults:5 | Noticed an ancient lich
 71292 | Vaults:5 | Killed from afar by an ancient lich

Illustrated notes

Levels and vault maps discovered:
D:1:      lemuel_arrival_room, layout_basic, ebering_ecumenical_altar_mist,
          minmay_tetromino_s2
D:2:      layout_rooms
D:3:      kennysheep_the_goblin_king, layout_basic, uniq_pargi, uniq_sigmund,
          uniq_grinder
D:4:      layout_rooms, general_overflow_altar, serial_shops,
          nicolae_shop_getting_attention, st_stairs_8, nicolae_zen_rock_garden,
          chequers_hall_statues_y, hangedman_glass_teeth, chequers_big_river,
          uniq_natasha
D:5:      layout_gridville, uniq_pikel
D:6:      layout_rooms, nicolae_ru_sacrificial_ziggurat,
          mainiacjoe_overflow_catch_the_wave, temple_pool_b, hex_tiny,
          minivault_11, uniq_edmund
D:7:      layout_loops_ring, gammafunk_temple_overflow_claw,
          grunt_decor_resistance, minivault_23, uniq_crazy_yiuf_cottage,
          uniq_jeremiah
D:8:      layout_rooms, erik_lair_orcish_takeover, serial_ice, serial_ice_o,
          serial_ice_b, serial_ice_h, serial_ice_l
D:9:      layout_gridville, fiery_altar_vehumet, overflow_temple_1_default,
          minmay_orc_entry_temple_small
D:10:     minmay_s_stair_smasher, layout_gridville, lemuel_tele_altar,
          hive_lemuel
D:11:     layout_basic, gauntlet_entry_generic
D:12:     layout_stronghold, enter_trove_6, eino_jars
D:13:     four-leaf_vault, layout_basic, skrybe_vaults_entry_preservation,
          lemuel_flame_loot_1
D:14:     layout_roguey, chequers_serial_rivers_room_a
D:15:     grunt_enter_depths_giant_problem, layout_irregular_city,
          roderic_serpentine_path, uniq_josephine
Temple:   nicolae_temple_x_marks_the_god
Lair:1:   layout_layer_cave, minivault_27, chequers_serial_rivers_room_b
Lair:2:   layout_regular_city, minmay_shoals_entry_beasts,
          spider_nest_entry_rubble, beast_lair_carwin_1, serial_bayou_shore_a,
          infiniplex_staircase_pool_2, uniq_nergalle, uniq_maggie
Lair:3:   layout_hall_layers, portal_ice_cave_entry_pillars_2,
          grunt_megastairs_2
Lair:4:   layout_regular_city
Lair:5:   minmay_lair_end_enchanted_forest, layout_misc_corridors,
          slime_entry_1, hibernation_bobbens
Shoals:1: cheibrodos_shoals_baths, layout_shoals, uniq_mlioglotl, uniq_frances
Shoals:2: layout_shoals, hangedman_shoals_cup_caves, uniq_polyphemus
Shoals:3: layout_shoals
Shoals:4: shoals_end_hellmonk_lost_city
Spider:1: layout_spider_delve, hangedman_spider_trapstep, uniq_nikola,
          uniq_agnes
Spider:2: gammafunk_boulding_lane, ebering_ghost_rock_garden,
          nicolae_spider_bug_shape, uniq_louise
Spider:3: layout_spider_delve, gammafunk_ghost_mausoleum,
          nicolae_spider_webs_and_nodes
Spider:4: spider_rune_water
Orc:1:    layout_diamond_mine, basic_altar
Orc:2:    st_orc_ogre_mass, layout_caves, serial_shops, shop,
          nicolae_shop_competitors_out_of_business, nicolae_square_shop,
          nicolae_shop_dealshenge, nicolae_shop_industrial_runoff,
          nicolae_orc_damp_corner
Vaults:1: nicolae_vaults_hallways_thing, nicolae_vaults_diamond_2,
          nicolae_vaults_storage_closets_2, nicolae_vaults_whirlpool_walls,
          hangedman_vaults_stretched_pinwheel, v_misc_33,
          nicolae_vaults_octothorpe, hangedman_vaults_nodes, v_alt_pattern_2,
          grunt_vaults_swirl, nicolae_vaults_six-pack,
          ontoclasm_vaults_loading_screen, layout_vaults_omnigrid, serial_shops,
          nicolae_shop_tiny_statue_garden
Vaults:2: gammafunk_ghost_arena, nicolae_vaults_wrenched,
          ontoclasm_vaults_loading_screen, v_misc_1, vaults_standard_mumra_x,
          ontoclasm_vaults_misaligned, nicolae_vaults_wine_cellar,
          gammafunk_sealed_arena, vaults_dpeg_diagonal,
          nicolae_vaults_tetromino_L_1, nicolae_vaults_offset_grid_hallway_2,
          nicolae_vaults_diagonal_hallway_7, nicolae_vaults_more_shelving_1,
          nicolae_vaults_tetromino_T_1, ontoclasm_vaults_twist,
          dpeg_vaults_monster_box, hangedman_vaults_corner_blocks,
          layout_vaults_omnibox, uniq_frederick
Vaults:3: v_alt_pattern_6, minmay_crypt_entry_simple_walls,
          vaults_room_ringed_pool, hangedman_vaults_locks,
          hangedman_vaults_nails, v_misc_23, layout_vaults_chaotic_city,
          uniq_sojobo
Vaults:4: nicolae_vaults_storage_closets_1, v_misc_8,
          nicolae_vaults_windows_and_doors_thing, nicolae_vaults_big_ls,
          hangedman_vaults_maws, v_misc_4, nicolae_vaults_doubleplus_tesselated,
          nicolae_vaults_trapezoid_lopsided_2, nicolae_vaults_tetromino_T_2,
          nicolae_vaults_storage_room_glass, layout_vaults_omnicross,
          serial_shops, shop
Vaults:5: uniq_xtahua

Skill      XL: |  1  2  3  4  5  6  7  8  9 10 11 12 13 14 15 16 17 18 19 20 21 |
---------------+----------------------------------------------------------------+-----
Stealth        | 2 3 |  3.0
Dodging        | 2 3 4 6 7 8 9 11 12 13 14 | 14.7
Spellcasting   | 2 3 4 5 6 7 8 9 10 11 12 13 14 | 14.3
Fighting       | 1 2 3 4 6 7 8 9 11 12 13 14 | 14.7
Ice Magic      | 4 5 6 7 8 9 12 13 14 15 17 18 21 23 24 25 26 | 26.3
Armour         | 3 |  3.0
Shields        | 3 |  3.0

Action                     |  1- 3 |  4- 6 |  7- 9 | 10-12 | 13-15 | 16-18 | 19-21 || total
---------------------------+-------+-------+-------+-------+-------+-------+-------++-------
  Melee: Unarmed           |     3 |       |       |       |       |       |       ||     3
         Short sword       |    14 |     3 |       |       |       |       |       ||    17
         Punch             |     1 |       |     2 |     1 |     5 |     6 |     2 ||    17
         Dagger            |       |     1 |    65 |   114 |   123 |       |       ||   303
         Whip              |       |       |       |       |   249 |       |       ||   249
         Staff             |       |       |       |       |   313 |   276 |   118 ||   707
   Fire: Sling             |       |       |    10 |     2 |       |       |       ||    12
  Throw: Boomerang         |     1 |       |       |       |       |       |       ||     1
         Dart              |       |     4 |       |       |       |       |       ||     4
         Throwing net      |       |       |     2 |     1 |       |    11 |       ||    14
   Cast: Freeze            |    60 |    49 |    87 |    37 |     1 |       |       ||   234
         Frozen Ramparts   |       |     7 |    17 |    21 |    33 |    16 |     3 ||    97
         Ozocubu's Armour  |       |     7 |    19 |    25 |    54 |    60 |    24 ||   189
         Hailstorm         |       |       |    76 |   114 |   132 |    27 |       ||   349
         Summon Ice Beast  |       |       |    29 |   112 |   130 |    47 |       ||   318
         Metabolic Englaci |       |       |       |    33 |   184 |   187 |     9 ||   413
         Freezing Cloud    |       |       |       |       |   260 |   253 |       ||   513
         Sublimation of Bl |       |       |       |       |     3 |    16 |    16 ||    35
         Sculpt Simulacrum |       |       |       |       |    52 |   128 |       ||   180
         Mercury Vapours   |       |       |       |       |       |     5 |       ||     5
         Ozocubu's Refrige |       |       |       |       |       |    21 |    57 ||    78
         Call Canine Famil |       |       |       |       |       |     3 |       ||     3
         Polar Vortex      |       |       |       |       |       |       |   122 ||   122
         Blink             |       |       |       |       |       |       |     5 ||     5
  Evoke: Wand              |       |     7 |     2 |    18 |     9 |     2 |       ||    38
         Phial of floods   |       |       |       |       |       |     2 |     1 ||     3
         Phantom mirror    |       |       |       |       |       |     2 |       ||     2
    Use: Scroll            |       |     8 |     9 |    13 |    11 |    25 |     5 ||    71
         Potion            |       |     2 |     1 |     2 |     8 |    17 |     5 ||    35
   Stab: Paralysed         |       |       |     1 |     8 |       |       |       ||     9
         Distracted        |       |       |       |     3 |     6 |     3 |       ||    12
         Sleeping          |       |       |       |       |     3 |       |       ||     3
         Invisible         |       |       |       |       |     2 |     3 |       ||     5
 Armour: Robe              |    42 |    29 |    98 |       |   593 |   829 |   124 ||  1715
         Steam dragon scal |       |       |    15 |   222 |     4 |       |       ||   241
         Ring mail         |       |       |       |       |   423 |       |    98 ||   521
  Dodge: Dodged            |    49 |    34 |   171 |   316 |   909 |   740 |   239 ||  2458
         Repelled          |       |       |       |       |       |     5 |     5 ||    10
  Block: Buckler           |       |       |       |       |   124 |       |       ||   124
